Map: Acid Plant LE

Players

SpeCial - Winner!

  • Race: Terran Terran
  • Spawn Location: 5:00

iGXiGua (XiGua)

  • Race: Zerg Zerg
  • Spawn Location: 11:00

Event: WESG 2017 Haikou

VOD

Have the link to the VOD?

Description

Time

  • Played on: March 12, 2018, 10:39 p.m.
  • Length: 9:19

All games in this series

Show
View Real Time Build Order
Export as new Build Order

SpeCial Terran - Winner!

Build Orders: Liberator Opening, Reaper Expand, MMM Bio 

Get SALT Encoding   

  12  0:00  SCV  
  13  0:13  SCV  
  14  0:17  Supply Depot  
  14  0:25  SCV  
  15  0:39  SCV  
  15  0:40  Barracks  
  16  0:44  Refinery  
  16  0:51  SCV  
  17  1:03  SCV  
  18  1:15  SCV  
  19  1:27  Orbital Command  
  19  1:28  Reaper  
  20  1:40  Command Center  
  20  1:52  Supply Depot  
  21  1:54  SCV  
  21  1:59  Marine  
  22  2:05  Factory  
  22  2:09  SCV  
  23  2:15  Refinery  
  23  2:22  SCV, Barracks Reactor  
  24  2:31  Engineering Bay  
  24  2:34  SCV  
  25  2:46  SCV  
  26  2:52  Starport  
  26  2:53  Orbital Command  
  26  2:58  SCV  
  27  3:05  Hellion  
  29  3:08  Barracks Tech Lab, Hellion  
  29  3:12  SCV  
  32  3:19  SCV, Liberator  
  33  3:25  SCV  
  33  3:26  Hellion  
  36  3:29  Hellion, Supply Depot  
  36  3:32  SCV  
  42  3:41  SCV  
  42  3:44  SCV  
  42  3:47  Marine  
  45  3:51  Stimpack  
  45  3:54  SCV  
  46  3:56  SCV  
  46  3:57  Hellion x2  
  51  4:02  Supply Depot  
  51  4:06  SCV  
  51  4:07  Marine  
  51  4:08  SCV  
  54  4:24  SCV x2  
  54  4:27  Command Center, Supply Depot, Factory Tech Lab  
  54  4:28  Marine  
  57  4:36  SCV x2  
  59  4:38  Barracks  
  59  4:40  Barracks  
  59  4:47  Siege Tank  
  59  4:48  SCV x2, Marine  
  64  5:00  SCV x2  
  64  5:06  Marine  
  65  5:08  Engineering Bay  
  65  5:09  Engineering Bay  
  65  5:13  SCV x2  
  65  5:16  Starport Reactor  
  62  5:21  Refinery  
  62  5:22  Refinery  
  62  5:24  Marine  
  62  5:25  SCV x2  
  62  5:26  Siege Tank  
  68  5:31  Marine x2  
  62  5:37  SCV x2, Terran Infantry Weapons Level 1  
  62  5:38  Terran Infantry Armor Level 1  
  62  5:42  Orbital Command  
  64  5:45  Marine  
  64  5:48  Barracks Reactor  
  64  5:49  SCV x2, Marine x2  
  69  5:54  Medivac  
  69  5:56  Medivac  
  73  6:01  SCV x2  
  73  6:03  Marine  
  76  6:05  Combat Shields  
  76  6:06  Marine  
  76  6:07  Marine  
  76  6:08  Orbital Command  
  78  6:13  SCV x2  
  78  6:17  Siege Tank  
  78  6:18  Supply Depot, Barracks x2  
  83  6:21  Marine  
  83  6:24  Marine, Supply Depot  
  85  6:31  Supply Depot  
  85  6:33  SCV x2, Marine x3  
  85  6:34  SCV  
  85  6:39  Marine  
  92  6:42  Marine  
  92  6:45  SCV x2  
  92  6:46  SCV  
  96  6:47  Armory  
  96  6:50  Medivac  
  96  6:51  Marine, Medivac  
  96  6:52  Marine x2  
  103  6:57  SCV x2, Marine  
  103  6:58  SCV  
  103  7:00  Marine  
  108  7:05  Barracks Reactor  
  108  7:07  Barracks Reactor  
  108  7:08  Marine  
  108  7:09  SCV x2, Marine x2  
  108  7:10  SCV  
  114  7:16  Supply Depot x2  
  114  7:18  Siege Tank  
  114  7:21  Marine  
  114  7:22  SCV  
  117  7:24  SCV  
  117  7:30  Supply Depot x2  
  117  7:31  Refinery  
  117  7:36  Marine  
  117  7:37  SCV, Marine x3, Medivac x2  
  117  7:38  SCV x2  
  117  7:39  Marine  
  122  7:44  Supply Depot  
  122  7:48  Marine x3  
  125  7:54  Marine x2  
  125  7:55  Refinery, Marine x3, Supply Depot x2  
  125  7:56  Marine  
  130  8:06  Marine x3  
  130  8:07  Siege Tank  
  130  8:10  Factory  
  130  8:11  Marine  
  130  8:12  Marine  
  135  8:13  Marine x3  
  135  8:14  Marine  
  135  8:15  Missile Turret  
  137  8:24  Marine x3  
  140  8:27  Missile Turret  
  140  8:29  Marine  
  140  8:30  Marine x4  
  140  8:32  Marine  
  145  8:39  Widow Mine  
  145  8:40  Medivac x2  
  148  8:42  Marine x3  
  148  8:47  Marine  
  148  8:48  Marine, Supply Depot  
  153  8:51  Marine  
  153  8:54  Marine x2  
  156  9:00  Marine x3  
  161  9:04  Command Center  
Show
View Real Time Build Order
Export as new Build Order

iGXiGua Zerg 

Build Orders: Hatch First 

Get SALT Encoding   

  12  0:01  Drone  
  13  0:12  Overlord  
  13  0:17  Drone  
  14  0:32  Drone x2  
  14  0:35  Drone  
  17  0:52  Hatchery  
  17  0:55  Drone  
  17  0:58  Drone  
  18  1:10  Extractor  
  17  1:13  Spawning Pool  
  17  1:16  Drone  
  17  1:19  Drone  
  18  1:28  Drone  
  19  1:40  Overlord  
  19  1:50  Drone  
  20  2:01  Queen  
  20  2:02  Zergling x2  
  20  2:04  Zergling x2, Queen  
  26  2:09  Metabolic Boost  
  26  2:14  Drone  
  28  2:15  Drone  
  28  2:27  Drone  
  29  2:30  Drone  
  29  2:36  Drone  
  30  2:38  Overlord  
  30  2:39  Queen  
  32  2:48  Zergling x2  
  32  2:49  Overlord  
  33  2:56  Drone  
  34  2:58  Drone  
  34  3:04  Drone  
  36  3:10  Drone x4  
  40  3:18  Drone  
  41  3:20  Queen  
  41  3:24  Drone  
  44  3:32  Drone  
  44  3:33  Drone  
  46  3:38  Queen  
  48  3:43  Extractor  
  48  3:44  Overlord x2  
  48  3:48  Drone, Hatchery  
  49  3:49  Drone  
  49  3:52  Zergling x6  
  50  3:56  Overlord  
  50  3:57  Drone  
  51  4:04  Overlord  
  51  4:05  Drone  
  51  4:08  Drone  
  53  4:12  Baneling Nest, Drone  
  53  4:16  Lair  
  53  4:18  Drone  
  54  4:27  Extractor, Zergling x4  
  54  4:34  Drone x3, Extractor  
  56  4:40  Drone  
  56  4:41  Drone x3, Queen  
  62  4:47  Drone  
  62  4:51  Drone  
  62  4:53  Spore Crawler  
  57  5:00  Zergling x2  
  53  5:08  Zergling x16  
  58  5:16  Zergling x4  
  58  5:20  Zergling x2  
  57  5:23  Drone  
  57  5:24  Drone  
  57  5:29  Drone  
  57  5:31  Spire  
  57  5:34  Drone x4  
  57  5:35  Drone  
  61  5:39  Drone  
  62  5:44  Drone  
  62  5:49  Drone  
  64  5:50  Drone  
  64  5:55  Drone, Extractor  
  65  5:57  Drone  
  65  6:00  Drone  
  65  6:01  Drone  
  65  6:02  Drone  
  65  6:03  Evolution Chamber  
  68  6:04  Drone, Evolution Chamber  
  68  6:07  Drone x2  
  70  6:13  Drone  
  70  6:14  Drone x3  
  70  6:16  Drone  
  76  6:18  Drone  
  76  6:20  Drone  
  76  6:23  Drone  
  78  6:26  Drone  
  78  6:31  Drone x2  
  81  6:40  Overlord x3  
  81  6:41  Overlord x2  
  81  6:44  Zerg Ground Armor Level 1  
  81  6:46  Zerg Melee Weapons Level 1  
  81  6:49  Extractor x2  
  81  6:51  Zerg Flyer Armor Level 1  
  79  6:57  Zergling x4  
  79  6:58  Baneling x10  
  79  7:01  Zergling x4  
  83  7:03  Zergling x4  
  85  7:08  Zergling x10  
  90  7:16  Zergling x12  
  90  7:20  Zergling x2  
  90  7:21  Zergling x2  
  96  7:27  Zergling x10  
  94  7:38  Mutalisk x5  
  101  7:46  Mutalisk  
  101  7:48  Zergling x4  
  103  7:59  Zergling x16  
  101  8:07  Mutalisk x2  
  96  8:13  Zergling x4  
  96  8:18  Hatchery, Queen  
  99  8:20  Zergling x10  
  101  8:28  Zergling x14  
  101  8:33  Zergling x2  
  99  8:41  Zergling x6  
  99  8:42  Hatchery  
  99  8:43  Baneling x9  
  99  8:46  Baneling x8  
  99  8:47  Zergling x4  
  103  8:53  Zergling x8  
  103  8:55  Baneling x2  
  107  8:59  Zergling x2  
  107  9:00  Zergling x8  
Tags
 
Add a new tag
Caveats
  • Supply blocks, unpowered buildings, or Contaminate may cause inaccurate times.
  • Supply counts are checked every 10 seconds.